 Dungeon Crawl Stone Soup version 0.29-a0-275-g389c0b56f3 (webtiles) character file.

Game seed: 10604056535335477971

1 spaghetti the Cudgeller (level 1, -6/16 HPs)
             Began as an Octopode Chaos Knight on Mar 10, 2022.
             Was a Plaything of Xom.
             Mangled by an iguana (12 damage)
             ... on level 3 of the Dungeon.
             The game lasted 00:00:24 (95 turns).

spaghetti the Cudgeller (Octopode Chaos Knight)       Turns: 95, Time: 00:00:25

Health: -6/16      AC:  1    Str: 11    XL:     1   Next: 20%
Magic:  1/1        EV: 13    Int: 14    God:    Xom [..*...]
Gold:   10         SH:  0    Dex: 11    Spells: 0/0 levels left

rFire   . . .      SeeInvis .   a - +0 mace (chaos) {mace}
rCold   . . .      Faith    .   (no shield)
rNeg    . . .      Spirit   .   (helmet restricted)
rPois   .          Reflect  .   (no amulet)
rElec   .          Harm     .   (no ring)
rCorr   .          Rampage  .   (no ring)
Will    .....                   (no ring)
Stlth   ++........              (no ring)
HPRegen 0.05/turn               (no ring)
MPRegen 0.07/turn               (no ring)
                                (no ring)
                                (no ring)

@: no status effects
A: almost no armour, amphibious, 8 rings, camouflage 1, gelatinous body 1,
(nimble swimmer 1), tentacles
a: Renounce Religion


You were on level 3 of the Dungeon.
You worshipped Xom.
You were a toy of Xom.
You visited 1 branch of the dungeon, and saw 3 of its levels.

You collected 10 gold pieces.


Innate Abilities, Weirdness & Mutations

You cannot wear most types of armour.
You are amphibious.
You can wear up to eight rings at the same time.
Your skin changes colour to match your surroundings (Stealth+).
Your rubbery body absorbs attacks. (AC +1, EV +1)
((You are camouflaged when in or above water. (Stealth+)))
You have tentacles for arms and can constrict up to eight enemies at once.


   Skills:
 - Level 3.0 Fighting
 - Level 3.0 Maces & Flails
 + Level 2.4 Dodging


You couldn't memorise any spells.
You didn't know any spells.
Your spell library was empty.

Inventory:

Hand Weapons
 a - a +0 mace of chaos (weapon) {mace}
Missiles
 c - 9 stones {throwing}
Potions
 d - 2 potions of lignification {unknown}

Dungeon Overview and Level Annotations

Branches:
Dungeon (3/15)

Altars:

Annotations:
D:3 1 runed translucent door

#.†..............
######r###...###########..
........##.}.# ..
........##...# .
.[......##...#
........##...#
........##...#
........##...#
.......rl@...#
........##...#
........##...#
....)........#
.............#
###.###......# #. ####...+
. ...#


You could see an iguana and a quokka.


Message History

🤖 Initializing magus.rc ...
Options error: Delay interrupt name "hungry" not recognised. (~/.crawlrc:4761) Options error: Bad monster_list_colour key: strict_neutral (~/.crawlrc:4776) ✅ Successfully initialized magus.rc [v1.9.6] Welcome, spaghetti the Octopode Chaos Knight.
Will you prevail where others failed? Will you find the Orb of Zot?
Xom says: A new plaything!
Press ? for a list of commands and other information.
Found 9 stones.
Found two escape hatches in the floor.
Found a staircase leading out of the dungeon.
c - 9 stones {throwing} A frilled lizard comes into view.
A frilled lizard is nearby!
A frilled lizard is nearby!
A frilled lizard is nearby!
There is a fountain of clear blue water here.
There is an escape hatch in the floor here.
You slide downwards.
The hatch slams shut behind you.
Found 2 viscous pink potions.
Found a stone staircase leading up.
Unknown command.
Unknown command.
d - 2 viscous pink potions
There are no items here.
Found a stone staircase leading down.
An adder comes into view.
An adder is nearby!
An adder is nearby!
Found a stone staircase leading down.
There is a stone staircase leading down here.
You climb downwards.
There is a stone staircase leading up here.
Unknown command.
Unknown command.
You climb upwards.
There is a stone staircase leading down here.
There is a stone staircase leading down here.
You climb downwards.
There is a stone staircase leading up here.
Unknown command.
Unknown command.
A ball python comes into view.
A ball python is nearby!
A ball python is nearby!
A ball python is nearby!
You make a move on Xom's chessboard...
The ball python flickers and vanishes!
Deactivating autopickup; reactivate with Ctrl-A.
No target in view!
No target in view!
No target in view!
You barely miss something. Your squeeze misses something. Something bites you.
Something grabs you.
You are constricted. 😕 HP[-2]
You take 2 damage, and now have 14/16 hp.
You closely miss something. Something bites you but does no damage.
You are constricted.
Something bites you.
You are constricted. 😮 HP[-3]
You take 3 damage, and now have 11/16 hp.
You sock something!
Reactivating autopickup.
You feel a bit more experienced.
You see here a ball python corpse.
You now have 10 gold pieces.
You drop a piece from Xom's chessboard (14/15). 😮 HP[+1]
An iguana and a kobold come into view.
The kobold shouts!
The iguana hisses angrily.
The kobold barely misses you.
You closely miss the kobold. You grab the kobold.
You squeeze the kobold, but do no damage.
You constrict the kobold. The kobold barely misses you.
You release your grip on the kobold.
The iguana misses you.
A quokka comes into view.
You hit the kobold.
You kill the kobold!
You barely miss the iguana. You grab the iguana. You squeeze the iguana.
You constrict the iguana, but do no damage.
The iguana barely misses you. The iguana bites you!
* * * LOW HITPOINT WARNING * * *
😨 HP[-7]
You take 7 damage, and now have 5/16 hp.
MASSIVE DAMAGE!! (PAUSE)
You hit the iguana.
You constrict the iguana, but do no damage.
The iguana closely misses you.
You hit the iguana but do no damage.
You squeeze the iguana, but do no damage.
You constrict the iguana. The iguana closely misses you.
You hit the iguana.
You feel better.
You constrict the iguana, but do no damage.
The iguana closely misses you. 😨 HP[+1]
You hit the iguana but do no damage. Your squeeze misses the iguana.
You constrict the iguana. The iguana misses you. The iguana bites you!
Ouch! That really hurt!
You die...
Xom thinks this is hilarious!

Action                   || total
-------------------------++-------
Melee: Mace              ||    10
       Tentacles         ||     3
       Constrict         ||     2
Evoke: Piece from Xom's  ||     1
Armor: Skin              ||     1
Dodge: Dodged            ||     8

Levels and vault maps discovered:
D:1:      dpeg_arrival_leaves_temple_mockup, layout_basic,
          shapermc_ecumenical_altar_venn, minmay_misc_feat_five
D:2:      layout_loops_corners
D:3:      minmay_wonky_spiral, layout_basic, gammafunk_ghost_split

Notes
Turn   | Place    | Note
-------+----------+-------------------------------------------
     0 | D:1      | spaghetti the Octopode Chaos Knight began the quest for the
                  | Orb.
     0 | D:1      | Reached XP level 1. HP: 16/16 MP: 1/1
     0 | D:1      | magus.rc [v1.9.6]
    59 | D:3      | Found a runed translucent gate.
    84 | D:3      | Noticed an iguana
    95 | D:3      | Mangled by an iguana

Vanquished Creatures
  A ball python (D:3)
  A kobold (D:3)
2 creatures vanquished.

Table legend:
 A = Non-vault XP
 B = Vault XP
 C = Vault XP percentage of total XP
 D = Non-vault monster count
 E = Vault monster count
 F = Vault count percentage of total count
                 A         B        C        D         E       F
            +---------+---------+-------+---------+---------+-------
      Total |       2 |       0 |   0.0 |       2 |       0 |   0.0
            +---------+---------+-------+---------+---------+-------
        D:3 |       2 |       0 |   0.0 |       2 |       0 |   0.0
            +---------+---------+-------+---------+---------+-------

Illustrated notes

Table legend:
 A = Kills in this place as a percentage of kills in entire the game.
 B = Kills by you in this place as a percentage of kills by you in the entire game.
 C = Kills by friends in this place as a percentage of kills by friends in the entire game.
 D = Other kills in this place as a percentage of other kills in the entire game.
 E = Experience gained in this place as a percentage of experience gained in the entire game.
 F = Experience gained in this place divided by the number of levels of this place that you have seen.
                   A       B       C       D       E      F
               +-------+-------+-------+-------+-------+----------------------
         Total | 100.0 | 100.0 |   N/A |   N/A | 100.0 |   0.7
       Dungeon | 100.0 | 100.0 |   N/A |   N/A | 100.0 |   0.7
               +-------+-------+-------+-------+-------+----------------------

Table legend: (Time is in decaauts)
 A = Elapsed time spent in this place.
 B = Non-inter-level travel time spent in this place.
 C = Inter-level travel time spent in this place.
 D = Time resting spent in this place.
 E = Time spent auto-exploring this place.
 F = Levels seen in this place.
 G = Mean time per level.
                   A        B        C        D        E       F      G
               +--------+--------+--------+--------+--------+-----+--------+
         Total |     97 |     97 |      0 |      0 |     27 |   3 |   32.3 |
       Dungeon |     97 |     97 |      0 |      0 |     27 |   3 |   32.3 |
               +--------+--------+--------+--------+--------+-----+--------+

Top non-repeatable levels by time:
     D:3: 40 daAuts
     D:2: 33 daAuts
     D:1: 24 daAuts
